TOP OF THE 1ST |
Williamsport Crosscutters batting - Pitching for Los Angeles (NYP) Dodgers : RHP Jose Sandoval
|
Pitching: RHP Jose Sandoval
|
|
Batting: RHB Xavier Castellanos
|
0-0: Swinging Strike 0-1: Foul Ball, location: 2F 0-2: Ground out 6-3 (Groundball, 6, EV 82.5 MPH)
|
Batting: RHB Jason Ostrom
|
0-0: Ball 1-0: Ball 2-0: Foul Ball, location: 2F 2-1: Bunt missed! 2-2: Foul Ball, location: 2F 2-2: Ball 3-2: Foul Ball, location: 2F 3-2: Base on Balls
|
Batting: RHB John Manocchio
|
0-0: SINGLE (Groundball, 4MS, EV 63.1 MPH) (infield hit) Jason Ostrom to second
|
Batting: RHB John Parra
|
0-0: Called Strike 0-1: Ball 1-1: Ball 2-1: Foul Ball, location: 2F 2-2: Ball 3-2: Base on Balls Jason Ostrom to third John Manocchio to second
|
Batting: SHB Nick Chandler
|
0-0: Fly out, F8 (Flyball, 8RM, EV 86.2 MPH)
|
Batting: SHB Art Kent
|
0-0: Ball 1-0: Fly out, F9 (Line Drive, 9, EV 88.1 MPH)
|
Top of the 1st over - 0 runs, 1 hit, 0 errors, 3 left on base; Williamsport 0 - Los Angeles (NYP) 0 |
BOTTOM OF THE 1ST |
Los Angeles (NYP) Dodgers batting - Pitching for Williamsport Crosscutters : RHP Bobby Mauk
|
Pitching: RHP Bobby Mauk
|
|
Batting: RHB Chad Rojas
|
0-0: Ball 1-0: Ball 2-0: Called Strike 2-1: Swinging Strike 2-2: Foul Ball, location: 2F 2-2: Foul Ball, location: 2F 2-2: Foul Ball, location: 2F 2-2: Ball 3-2: Base on Balls
|
Batting: RHB Adam Maczko
|
0-0: Called Strike 0-1: Ball 1-1: Fly out, F7 (Flyball, 7D, EV 103.8 MPH)
|
Batting: RHB Tommy Hunter
|
0-0: Ball 1-0: Ball 2-0: Called Strike 2-1: Ball 3-1: Fly out, F9 (Line Drive, 9S, EV 93.8 MPH)
|
Batting: RHB Juan Gallegos
|
0-0: Fly out, F9 (Flyball, 9S, EV 80.0 MPH)
|
Bottom of the 1st over - 0 runs, 0 hits, 0 errors, 1 left on base; Williamsport 0 - Los Angeles (NYP) 0 |
TOP OF THE 2ND |
Williamsport Crosscutters batting - Pitching for Los Angeles (NYP) Dodgers : RHP Jose Sandoval
|
Batting: RHB Shintaro Katsumata
|
0-0: Ball 1-0: Foul Ball, location: 2F 1-1: Foul Ball, location: 2F 1-2: Foul Ball, location: 2F 1-2: Strikes out swinging
|
Batting: RHB Pete Deschamps
|
0-0: Ball 1-0: Called Strike 1-1: Foul Ball, location: 2F 1-2: Ball 2-2: Strikes out swinging
|
Batting: RHB Nick Cottrell
|
0-0: Ball 1-0: Called Strike 1-1: Swinging Strike 1-2: Strikes out swinging
|
Top of the 2nd over - 0 runs, 0 hits, 0 errors, 0 left on base; Williamsport 0 - Los Angeles (NYP) 0 |
BOTTOM OF THE 2ND |
Los Angeles (NYP) Dodgers batting - Pitching for Williamsport Crosscutters : RHP Bobby Mauk
|
Batting: LHB Fernão Manta
|
0-0: Called Strike 0-1: Swinging Strike 0-2: Strikes out looking
|
Batting: RHB Brad Brady
|
0-0: Called Strike 0-1: Ball 1-1: Ground out U3 (Groundball, 34, EV 98.8 MPH)
|
Batting: LHB Bobby Gambrell
|
0-0: Ball 1-0: Called Strike 1-1: Called Strike 1-2: Foul Ball, location: 2F 1-2: Ball 2-2: Ball 3-2: Foul Ball, location: 2F 3-2: Base on Balls
|
Batting: RHB Bob Magana
|
0-0: Ball 1-0: Ball Bobby Gambrell is caught stealing 2nd base 2-4
|
Bottom of the 2nd over - 0 runs, 0 hits, 0 errors, 0 left on base; Williamsport 0 - Los Angeles (NYP) 0 |
TOP OF THE 3RD |
Williamsport Crosscutters batting - Pitching for Los Angeles (NYP) Dodgers : RHP Jose Sandoval
|
Batting: RHB Xavier Castellanos
|
0-0: Foul Ball, location: 2F 0-1: Foul Ball, location: 2F 0-2: Ball 1-2: Foul Ball, location: 2F 1-2: Ball 2-2: Foul Ball, location: 2F 2-2: SOLO HOME RUN (Flyball, 7LD, EV 97.5 MPH), Distance : 361 ft
|
Batting: RHB Jason Ostrom
|
0-0: DOUBLE (Flyball, 8LXD, EV 94.4 MPH)
|
Batting: RHB John Manocchio
|
0-0: Fly out, F7 (Flyball, 7, EV 95.0 MPH)
|
Batting: RHB John Parra
|
0-0: Ball 1-0: Ball 2-0: Foul Ball, location: 2F 2-1: Foul Ball, location: 2F 2-2: Strikes out swinging passed ball, reaches first! Jason Ostrom to third
|
Batting: SHB Nick Chandler
|
0-0: Grounds into double play, 4-6-3 (Groundball, 4, EV 81.9 MPH)
|
Top of the 3rd over - 1 run, 2 hits, 0 errors, 1 left on base; Williamsport 1 - Los Angeles (NYP) 0 |
BOTTOM OF THE 3RD |
Los Angeles (NYP) Dodgers batting - Pitching for Williamsport Crosscutters : RHP Bobby Mauk
|
Batting: RHB Bob Magana
|
0-0: Ball 1-0: Ball 2-0: SINGLE (Groundball, 6S, EV 70.6 MPH) (infield hit)
|
Batting: SHB Josh Vaill
|
0-0: Called Strike 0-1: Fly out, F7 (Flyball, 7LSF, EV 90.0 MPH)
|
Batting: RHB Chad Rojas
|
0-0: Called Strike 0-1: Fly out, F8 (Line Drive, 8LM, EV 92.5 MPH)
|
Batting: RHB Adam Maczko
|
0-0: Called Strike 0-1: Foul Ball, location: 2F 0-2: Ball 1-2: Strikes out looking
|
Bottom of the 3rd over - 0 runs, 1 hit, 0 errors, 1 left on base; Williamsport 1 - Los Angeles (NYP) 0 |
TOP OF THE 4TH |
Williamsport Crosscutters batting - Pitching for Los Angeles (NYP) Dodgers : RHP Jose Sandoval
|
Batting: SHB Art Kent
|
0-0: Ball 1-0: Swinging Strike 1-1: Called Strike 1-2: Ground out 5-3 (Groundball, 56, EV 99.4 MPH)
|
Batting: RHB Shintaro Katsumata
|
0-0: Swinging Strike 0-1: Ball 1-1: Ball 2-1: Ball 3-1: Base on Balls
|
Batting: RHB Pete Deschamps
|
0-0: Called Strike 0-1: Foul Ball, location: 2F 0-2: Ball 1-2: SINGLE (Groundball, 6MD, EV 103.1 MPH) Shintaro Katsumata to second
|
Batting: RHB Nick Cottrell
|
0-0: Called Strike 0-1: Swinging Strike 0-2: Strikes out swinging
|
Batting: RHB Xavier Castellanos
|
0-0: Swinging Strike 0-1: Swinging Strike 0-2: Ball 1-2: Strikes out looking
|
Top of the 4th over - 0 runs, 1 hit, 0 errors, 2 left on base; Williamsport 1 - Los Angeles (NYP) 0 |
BOTTOM OF THE 4TH |
Los Angeles (NYP) Dodgers batting - Pitching for Williamsport Crosscutters : RHP Bobby Mauk
|
Batting: RHB Tommy Hunter
|
0-0: SINGLE (Groundball, 4MD, EV 108.8 MPH)
|
Batting: RHB Juan Gallegos
|
0-0: Called Strike 0-1: Called Strike 0-2: SINGLE (Groundball, 6MD, EV 98.1 MPH) Tommy Hunter to second Runner from 2nd tries for 3rd, SAFE, no throw by CF
|
Batting: LHB Fernão Manta
|
0-0: Fly out, F3 (Line Drive, 3L, EV 68.8 MPH) Lined into DP, U3 (Line Drive, 3L, EV 69.4 MPH)
|
Batting: RHB Brad Brady
|
0-0: Called Strike 0-1: Foul Ball, location: 2F 0-2: Ball 1-2: SINGLE (Flyball, 89S, EV 86.2 MPH) Tommy Hunter scores
|
Batting: LHB Bobby Gambrell
|
0-0: Ball 1-0: Fielders Choice at 2nd, 6-4 (Groundball, 6, EV 103.1 MPH)
|
Bottom of the 4th over - 1 run, 3 hits, 0 errors, 1 left on base; Williamsport 1 - Los Angeles (NYP) 1 |
TOP OF THE 5TH |
Williamsport Crosscutters batting - Pitching for Los Angeles (NYP) Dodgers : RHP Jose Sandoval
|
Batting: RHB Jason Ostrom
|
0-0: Swinging Strike 0-1: Foul Ball, location: 2F 0-2: Strikes out swinging
|
Batting: RHB John Manocchio
|
0-0: Foul Ball, location: 2F 0-1: SINGLE (Flyball, 8RS, EV 95.0 MPH)
|
Batting: RHB John Parra
|
0-0: Ball 1-0: Swinging Strike 1-1: Ball 2-1: Foul Ball, location: 2F 2-2: Ball 3-2: Foul Ball, location: 2F 3-2: Base on Balls John Manocchio to second
|
Batting: SHB Nick Chandler
|
0-0: Ball 1-0: Fly out, F7 (Line Drive, 7S, EV 97.5 MPH)
|
Batting: SHB Art Kent
|
0-0: Called Strike 0-1: Ground out U3 (Groundball, 3, EV 104.4 MPH)
|
Top of the 5th over - 0 runs, 1 hit, 0 errors, 2 left on base; Williamsport 1 - Los Angeles (NYP) 1 |
BOTTOM OF THE 5TH |
Los Angeles (NYP) Dodgers batting - Pitching for Williamsport Crosscutters : RHP Bobby Mauk
|
Batting: RHB Bob Magana
|
0-0: Called Strike 0-1: Ground out 6-3 (Groundball, 6, EV 81.2 MPH)
|
Batting: SHB Josh Vaill
|
0-0: Called Strike 0-1: DOUBLE (Line Drive, 9LM, EV 95.0 MPH)
|
Batting: RHB Chad Rojas
|
0-0: Ball Balk! Josh Vaill to third 1-0: SINGLE (Groundball, 4MD, EV 103.1 MPH) Josh Vaill scores
|
Batting: RHB Adam Maczko
|
0-0: Ball 1-0: Ball 2-0: Ball 3-0: Called Strike 3-1: Called Strike 3-2: Fielders Choice at 2nd, 3-6 (Groundball, 3, EV 86.9 MPH)
|
Batting: RHB Tommy Hunter
|
0-0: Foul Ball, location: 2F 0-1: Ball 1-1: Foul Ball, location: 2F 1-2: Foul Ball, location: 2F 1-2: Fielders Choice at 2nd, 6-4 (Groundball, 6, EV 81.9 MPH)
|
Bottom of the 5th over - 1 run, 2 hits, 0 errors, 1 left on base; Williamsport 1 - Los Angeles (NYP) 2 |
TOP OF THE 6TH |
Williamsport Crosscutters batting - Pitching for Los Angeles (NYP) Dodgers : RHP Jose Sandoval
|
Batting: RHB Shintaro Katsumata
|
0-0: Called Strike 0-1: Called Strike 0-2: Ball 1-2: Strikes out looking
|
Pitching: RHP Angel Rivas
|
|
Batting: RHB Pete Deschamps
|
0-0: Ball 1-0: Ball 2-0: Ball 3-0: Called Strike 3-1: Foul Ball, location: 2F 3-2: Base on Balls
|
Batting: RHB Nick Cottrell
|
0-0: Foul Ball, location: 2F 0-1: Ball 1-1: Swinging Strike 1-2: Foul Ball, location: 2F 1-2: Strikes out swinging
|
Batting: RHB Xavier Castellanos
|
0-0: DOUBLE (Line Drive, 89D, EV 106.9 MPH) Pete Deschamps to third
|
Batting: RHB Jason Ostrom
|
0-0: Ball 1-0: SINGLE (Groundball, 34S, EV 63.8 MPH) (infield hit) Pete Deschamps scores Xavier Castellanos to third
|
Batting: RHB John Manocchio
|
0-0: Called Strike 0-1: Ball 1-1: Foul Ball, location: 2F 1-2: Ball 2-2: Fly out, F8 (Flyball, 8LM, EV 97.5 MPH)
|
Top of the 6th over - 1 run, 2 hits, 0 errors, 2 left on base; Williamsport 2 - Los Angeles (NYP) 2 |
BOTTOM OF THE 6TH |
Los Angeles (NYP) Dodgers batting - Pitching for Williamsport Crosscutters : RHP Bobby Mauk
|
Batting: RHB Juan Gallegos
|
0-0: Called Strike 0-1: Called Strike 0-2: SINGLE (Groundball, 34D, EV 105.6 MPH)
|
Batting: LHB Fernão Manta
|
0-0: Swinging Strike 0-1: Ball 1-1: Foul Ball, location: 2F 1-2: Ball 2-2: Strikes out swinging
|
Batting: RHB Brad Brady
|
0-0: Fly out, F4 (Popup, 23, EV 93.1 MPH)
|
Batting: LHB Bobby Gambrell
|
0-0: Called Strike 0-1: Ball 1-1: Ball 2-1: Ball 3-1: Base on Balls Juan Gallegos to second
|
Batting: RHB Bob Magana
|
0-0: Foul Ball, location: 2F 0-1: Swinging Strike 0-2: Ball 1-2: Foul Ball, location: 2F 1-2: Ball 2-2: Strikes out swinging
|
Bottom of the 6th over - 0 runs, 1 hit, 0 errors, 2 left on base; Williamsport 2 - Los Angeles (NYP) 2 |
TOP OF THE 7TH |
Williamsport Crosscutters batting - Pitching for Los Angeles (NYP) Dodgers : RHP Angel Rivas
|
Batting: RHB John Parra
|
0-0: Ball 1-0: Called Strike 1-1: DOUBLE (Flyball, 78D, EV 99.4 MPH)
|
Batting: SHB Nick Chandler
|
0-0: Called Strike 0-1: Called Strike 0-2: Foul Ball, location: 2F 0-2: Ball 1-2: Ball 2-2: Ball 3-2: 2-RUN HOME RUN (Flyball, 78XD, EV 113.1 MPH), Distance : 423 ft
|
Pitching: RHP Nick Vigh
|
|
Batting: SHB Art Kent
|
0-0: Called Strike 0-1: Ground out 4-3 (Groundball, 4, EV 86.2 MPH)
|
Batting: RHB Shintaro Katsumata
|
0-0: Called Strike 0-1: Ball 1-1: Foul Ball, location: 2F 1-2: Ball 2-2: Fly out, F7 (Flyball, 7LM, EV 83.8 MPH)
|
Batting: RHB Pete Deschamps
|
0-0: Ball 1-0: Foul Ball, location: 2F 1-1: Ball 2-1: Swinging Strike 2-2: Ball 3-2: Base on Balls
|
Batting: RHB Nick Cottrell
|
0-0: Called Strike 0-1: Foul Ball, location: 2F 0-2: Ball Wild Pitch! Pete Deschamps to second 1-2: Ground out 6-3 (Groundball, 6, EV 106.9 MPH)
|
Top of the 7th over - 2 runs, 2 hits, 0 errors, 1 left on base; Williamsport 4 - Los Angeles (NYP) 2 |
BOTTOM OF THE 7TH |
Los Angeles (NYP) Dodgers batting - Pitching for Williamsport Crosscutters : RHP Bobby Mauk
|
Batting: SHB Josh Vaill
|
0-0: Ball 1-0: Ball 2-0: Ball 3-0: Called Strike 3-1: Foul Ball, location: 2F 3-2: Foul Ball, location: 2F 3-2: Base on Balls
|
Pitching: RHP John Barney
|
|
Batting: RHB Chad Rojas
|
0-0: Ball 1-0: Foul Ball, location: 2F 1-1: Foul Ball, location: 2F 1-2: Ball 2-2: SINGLE (Groundball, 34S, EV 88.8 MPH) (infield hit) Josh Vaill to second
|
Batting: RHB Adam Maczko
|
0-0: Sac Bunt to 15S - play at first, batter OUT! 1-3 Josh Vaill to third Chad Rojas to second
|
Batting: RHB Tommy Hunter
|
0-0: Ball 1-0: Fly out, F8 (Flyball, 8LD, EV 91.2 MPH) Runner from 3rd tags up, SCORES, throw by CF Chad Rojas to third
|
Batting: RHB Juan Gallegos
|
0-0: Ball 1-0: Called Strike 1-1: Swinging Strike 1-2: Ball 2-2: Ball 3-2: Strikes out looking
|
Bottom of the 7th over - 1 run, 1 hit, 0 errors, 1 left on base; Williamsport 4 - Los Angeles (NYP) 3 |
TOP OF THE 8TH |
Williamsport Crosscutters batting - Pitching for Los Angeles (NYP) Dodgers : RHP Nick Vigh
|
Batting: RHB Xavier Castellanos
|
0-0: Foul Ball, location: 2F 0-1: Ball 1-1: Swinging Strike 1-2: Fly out, F8 (Flyball, 8LM, EV 96.2 MPH)
|
Batting: RHB Jason Ostrom
|
0-0: Ball 1-0: Called Strike 1-1: Ball 2-1: Ball 3-1: Base on Balls
|
Batting: RHB John Manocchio
|
0-0: Called Strike Jason Ostrom is caught stealing 2nd base 2-4 0-1: Called Strike 0-2: Ball 1-2: Strikes out swinging
|
Top of the 8th over - 0 runs, 0 hits, 0 errors, 0 left on base; Williamsport 4 - Los Angeles (NYP) 3 |
BOTTOM OF THE 8TH |
Los Angeles (NYP) Dodgers batting - Pitching for Williamsport Crosscutters : RHP John Barney
|
Batting: LHB Fernão Manta
|
0-0: Ball 1-0: Ball 2-0: Called Strike 2-1: Foul Ball, location: 2F 2-2: Ball 3-2: Base on Balls
|
Batting: RHB Brad Brady
|
0-0: Foul Ball, location: 2F 0-1: Swinging Strike 0-2: Strikes out swinging
|
Batting: LHB Bobby Gambrell
|
0-0: Foul Ball, location: 2F 0-1: Foul Ball, location: 2F 0-2: Strikes out swinging
|
Batting: RHB Bob Magana
|
0-0: Ball 1-0: Foul Ball, location: 2F 1-1: Ball 2-1: Ball 3-1: Foul Ball, location: 2F 3-2: Strikes out looking
|
Bottom of the 8th over - 0 runs, 0 hits, 0 errors, 1 left on base; Williamsport 4 - Los Angeles (NYP) 3 |
TOP OF THE 9TH |
Williamsport Crosscutters batting - Pitching for Los Angeles (NYP) Dodgers : RHP Nick Vigh
|
Pitching: RHP Jared Wisham
|
|
Batting: RHB John Parra
|
0-0: Called Strike 0-1: Fly out, F9 (Flyball, 9, EV 77.5 MPH)
|
Batting: SHB Nick Chandler
|
0-0: Ground out 6-3 (Groundball, 6, EV 85.0 MPH)
|
Batting: SHB Art Kent
|
0-0: Ball 1-0: Called Strike 1-1: Swinging Strike 1-2: Foul Ball, location: 2F 1-2: Fly out, F6 (Popup, 6D, EV 50.0 MPH)
|
Top of the 9th over - 0 runs, 0 hits, 0 errors, 0 left on base; Williamsport 4 - Los Angeles (NYP) 3 |
BOTTOM OF THE 9TH |
Los Angeles (NYP) Dodgers batting - Pitching for Williamsport Crosscutters : RHP John Barney
|
Pitching: RHP Lance Brisson
|
|
Now at 1B: John Parra
|
|
Now at 2B: Leon Edwards
|
|
Now at SS: Nick Cottrell
|
|
Batting: SHB Josh Vaill
|
0-0: Called Strike 0-1: SINGLE (Groundball, 3D, EV 101.2 MPH)
|
Batting: RHB Chad Rojas
|
0-0: Called Strike 0-1: Ball 1-1: Ball 2-1: Ball 3-1: Called Strike 3-2: Foul Ball, location: 2F 3-2: Strikes out looking
|
Batting: RHB Adam Maczko
|
0-0: Ball 1-0: Foul Ball, location: 2F 1-1: Foul Ball, location: 2F 1-2: Ball 2-2: SINGLE (Groundball, 34, EV 96.2 MPH) Josh Vaill to second Runner from 2nd tries for 3rd, SAFE, throw by RF made to third
|
Batting: RHB Tommy Hunter
|
0-0: Ball 1-0: Ball Wild Pitch! Josh Vaill scores Adam Maczko to second 2-0: Intentional Walk
|
Batting: RHB Juan Gallegos
|
0-0: Foul Ball, location: 2F 0-1: Ball 1-1: Called Strike 1-2: Ball 2-2: Ball 3-2: 3-RUN HOME RUN (Flyball, 7D, EV 95.0 MPH), Distance : 377 ft
|
Bottom of the 9th over - 4 runs, 3 hits, 0 errors, 0 left on base; Williamsport 4 - Los Angeles (NYP) 7 |
|